 Dungeon Crawl Stone Soup version 0.30-a0-1123-gabc949cf19 (webtiles) character file.

Game seed: 200457070996259321

2312 Sabo the Chopper (level 9, -2/55 HPs)
             Began as a Gargoyle Fighter on Apr 22, 2023.
             Was a Follower of Dithmenos.
             Slain by a troll (6 damage)
             ... on level 8 of the Dungeon.
             The game lasted 00:41:10 (6846 turns).

Sabo the Chopper (Gargoyle Fighter)                 Turns: 6846, Time: 00:41:10

Health: -2/55      AC: 20    Str: 22    XL:     9   Next: 41%
Magic:  9/9        EV:  9    Int: 11    God:    Dithmenos [*.....]
Gold:   470        SH: 12    Dex: 20    Spells: 8/8 levels left

rFire   . . .        a - +0 war axe
rCold   . . .        c - +0 buckler
rNeg    + . .        b - +2 chain mail of Bad Feelings {Rampage rElec Int+2 Dex+3}
rPois   ∞            (no helmet)
rElec   +            (no cloak)
rCorr   .            u - +1 pair of gloves
SInv    .            (no boots)
Will    +....        o - amulet of reflection Stlth
                     f - ring of willpower
HPRegen 0.29/turn    C - +6 ring of dexterity
MPRegen 0.11/turn

%: reflection, rampage
@: wreathed by umbra
A: sickness immunity, AC +6, negative energy resistance 1, electricity
resistance, torment resistance 1, petrification resistance
a: Renounce Religion


You were on level 8 of the Dungeon.
You worshipped Dithmenos.
Dithmenos was aware of your devotion.
You visited 1 branch of the dungeon, and saw 8 of its levels.
You also visited: Sewer.

You collected 470 gold pieces.

Inventory:

Hand Weapons
 a - a +0 war axe (weapon)
 g - a +0 arbalest
 y - a +2 vampiric trident
 G - the +9 glaive of Destruction {chaos, Will+}
   (You found it on level 6 of the Dungeon)

   Will:      It increases your willpower.
Missiles
 e - 5 curare-tipped darts (quivered)
 r - 17 poisoned darts
Armour
 b - the +2 chain mail of Bad Feelings (worn) {Rampage rElec Int+2 Dex+3}
   (You found it in a sewer)

   Int:       It affects your intelligence (+2).
   Dex:       It affects your dexterity (+3).
   rElec:     It insulates you from electricity.
   Rampage:   It bestows one free step when moving towards enemies.
 c - a +0 buckler (worn)
 u - a +1 pair of gloves (worn)
 x - an orb of mayhem
Jewellery
 f - a ring of willpower (left hand)
 o - an amulet of reflection (around neck)
 C - a +6 ring of dexterity (right hand)
 F - a ring of protection from cold
Wands
 t - a wand of acid (5)
 A - a wand of charming (6)
Scrolls
 i - 2 scrolls of teleportation
 j - 3 scrolls of fog
 k - 2 scrolls of magic mapping
 p - a scroll of blinking
Potions
 d - 3 potions of might
 h - a potion of invisibility
 l - 3 potions of heal wounds
 m - a potion of magic {unknown}
 n - a potion of haste
 s - 2 potions of flight {unknown}
 v - 2 potions of lignification {unknown}
 w - 5 potions of curing
 z - a potion of mutation {unknown}
 B - a potion of degeneration {unknown}
 D - a potion of cancellation {unknown}
 E - a potion of attraction {unknown}


   Skills:
 + Level 5.7 Fighting
 + Level 7.6 Axes
 + Level 5.9 Armour
 + Level 2.4 Dodging
 + Level 0.9 Stealth
 + Level 7.2 Shields


You had 8 spell levels left.
You didn't know any spells.
Your spell library contained the following spells:

 Spells                   Type           Power      Damage    Failure   Level
 Magic Dart               Conj           0%         1d3       95%         1
 Call Imp                 Summ           0%         N/A       98%         2
 Mephitic Cloud           Conj/Pois/Air  0%         N/A       100%        3


Dungeon Overview and Level Annotations

Branches:
Dungeon (8/15)             Temple (0/1) D:6           Sewer (visited)
   Lair: D:8-11

Altars:
Dithmenos
Ru
Uskayaw
Vehumet
Xom
Yredelemnul
The Shining One

Shops:
D:6 :   D:7 *


Innate Abilities, Weirdness & Mutations

You are immune to sickness and miasma.
Your stone body is resilient. (AC +6)
You are immune to poison.
You resist negative energy. (rN+)
You are resistant to electric shocks. (rElec)
You are resistant to unholy torment.
You are immune to petrification.


Message History

You slash the troll!
The troll is heavily wounded.
You completely miss the hound. The hound misses you.
A bullfrog comes into view.
The hound bites you but does no damage. The troll bites you!
The troll claws you but does no damage. x2
The bullfrog croaks.
You hit the troll.
The troll is heavily wounded.
You slash the hound!
You kill the hound!
Dithmenos accepts your kill.
You hear a bark!
The troll bites you.
* * * LOW HITPOINT WARNING * * *
The troll claws you but does no damage. The troll claws you.
* * * LOW HITPOINT WARNING * * *
Things that are here:
a +0 short sword; an orc corpse
Things that are here:
a +0 hand axe; an orc corpse You closely miss the troll.
The troll is heavily wounded.
The troll bites you but does no damage. You block the troll's attack.
The troll claws you but does no damage.
You slash the troll!
The troll is severely wounded.
You slash the wolf! The wolf barely misses you. You block the troll's attack.
The troll closely misses you. The troll claws you but does no damage.
The wolf bites you but does no damage.
You hit the troll.
The troll is severely wounded.
You barely miss the wolf. The wolf bites you.
* * * LOW HITPOINT WARNING * * *
You block the troll's attack. x2; The troll claws you.
* * * LOW HITPOINT WARNING * * *
The wolf bites you but does no damage. The troll bites you.
* * * LOW HITPOINT WARNING * * *
The troll misses you. The troll claws you.
You die...

....# ...
#...# .8.
#...# ...
##^..#
####.###....#
..........<.#
##........>.#
........h)..#
......)FT@..#
.......######
.......
.......
~S...~.
~~.S.F~
≈≈.~.~~
≈~.≈≈≈≈


You could see a troll, a wolf and a bullfrog.

Vanquished Creatures
  Eustachio (D:6)
  Menkaure (D:5)
  A water moccasin (D:5)
  2 ice beasts
  3 black bears
  An ogre (D:6)
  A phantom (D:6)
  A kobold brigand (D:5)
  Blork the orc (D:5)
  2 bullfrogs (Sewer)
  A gnoll sergeant (D:5)
  A scorpion (D:5)
  8 howler monkeys
  An orc priest (D:3)
  2 hounds
  2 jellies
  2 sleepcaps
  An iguana (D:5)
  6 orc wizards
  4 gnolls (D:5)
  6 adders
  A river rat (D:3)
  A white imp (D:5)
  An ufetubus (D:5)
  A worm (D:2)
  3 dart slugs
  26 orcs
  10 ball pythons
  4 bats
  5 endoplasms
  10 giant cockroaches
  4 goblins
  2 hobgoblins (D:2)
  4 jackals (D:4)
  7 quokkas
  8 frilled lizards
  10 kobolds
  9 rats
154 creatures vanquished.

Notes
Turn   | Place    | Note
-------+----------+-------------------------------------------
     0 | D:1      | Sabo the Gargoyle Fighter began the quest for the Orb.
     0 | D:1      | Reached XP level 1. HP: 14/14 MP: 1/1
    70 | D:1      | Reached XP level 2. HP: 17/19 MP: 2/2
   794 | D:2      | Reached XP level 3. HP: 18/24 MP: 3/3
  1503 | D:3      | Reached XP level 4. HP: 25/29 MP: 4/4
  1592 | D:3      | Found a glowing drain.
  1596 | Sewer    | Entered a sewer
  1734 | Sewer    | Reached XP level 5. HP: 28/33 MP: 5/5
  1934 | Sewer    | Reached skill level 1 in Dodging
  1936 | Sewer    | Reached XP level 6. HP: 32/38 MP: 6/6
  1960 | Sewer    | Identified the +2 chain mail of Bad Feelings {Rampage rElec
                  | Int+2 Dex+3}
  2940 | D:4      | Noticed a black bear
  2949 | D:4      | Killed a black bear
  2950 | D:4      | Reached XP level 7. HP: 42/44 MP: 7/7
  2951 | D:4      | Reached skill level 5 in Shields
  3040 | D:4      | Found a basalt altar of Yredelemnul.
  3079 | D:4      | Found a shadowy altar of Dithmenos.
  3079 | D:4      | Found a glowing golden altar of the Shining One.
  3685 | D:4      | Became a worshipper of Dithmenos the Shadowed
  3704 | D:5      | Entered Level 5 of the Dungeon
  3721 | D:5      | Noticed Menkaure
  3726 | D:5      | Killed Menkaure
  3769 | D:5      | Noticed Blork the orc
  3782 | D:5      | Killed Blork the orc
  3785 | D:5      | Reached skill level 5 in Axes
  4019 | D:5      | Reached skill level 5 in Armour
  4019 | D:5      | Reached XP level 8. HP: 41/48 MP: 8/8
  4081 | D:5      | Reached skill level 5 in Fighting
  4321 | D:5      | Found a radiant altar of Vehumet.
  5168 | D:6      | Found a staircase to the Ecumenical Temple.
  5205 | D:6      | Reached * piety under Dithmenos
  5550 | D:6      | Found Edoamag's Book Shop.
  5684 | D:6      | Identified the +9 glaive of Destruction {chaos, Will+}
  5843 | D:6      | Noticed Eustachio
  5915 | D:6      | Killed Eustachio
  5916 | D:6      | Reached XP level 9. HP: 36/54 MP: 9/9
  6098 | D:7      | Found Fajiet's Overcharged Wands.
  6149 | D:7      | Found a sacrificial altar of Ru.
  6370 | D:7      | Found a shimmering altar of Xom.
  6706 | D:7      | Found a hide-covered altar of Uskayaw.
  6827 | D:8      | Noticed a troll
  6846 | D:8      | Slain by a troll

Illustrated notes

Levels and vault maps discovered:
D:1:      dpeg_arrival_arbitrary_a, layout_basic
D:2:      layout_loops_ring
D:3:      layout_loops_ring, gup_sewer_entry_bowl
D:4:      layout_cave_pods, nicolae_overflow_hidden_temple,
          gammafunk_temple_overflow_statue
D:5:      layout_basic, mainiacjoe_overflow_small_starburst, lightli_minifort,
          uniq_blork_the_orc, uniq_menkaure
D:6:      layout_loops_ring, minmay_temple_entry_statues_pillars,
          nicolae_stop_n_shop_2, uniq_eustachio
D:7:      layout_rooms, pdpol_wu_jian_five_deadly_venoms,
          mainiacjoe_overflow_six_doors_small, old_standard_altar,
          nicolae_ru_awakened_eye, nicolae_shop_overcharged_wands
D:8:      layout_rooms, grunt_gozag_statues, mainiacjoe_overflow_cross_hatched,
          erik_lair_island, serial_shops, shop

Skill      XL: |  1  2  3  4  5  6  7  8  9 |
---------------+----------------------------+-----
Axes           | 2 3 4 5 6 7 |  7.6
Armour         | 4 5 |  5.9
Fighting       | 4 5 |  5.7
Shields        | 4 5 6 7 |  7.2
Dodging        | 1 2 |  2.4
Stealth        | |  0.9

Action                     |  1- 3 |  4- 6 |  7- 9 || total
---------------------------+-------+-------+-------++-------
  Melee: War axe           |    78 |   185 |   326 ||   589
    Use: Scroll            |     5 |     4 |     2 ||    11
         Potion            |       |       |     2 ||     2
 Armour: Scale mail        |    38 |       |       ||    38
         Chain mail        |       |   149 |   241 ||   390
  Dodge: Dodged            |    34 |    90 |   137 ||   261
  Block: Buckler           |    25 |   143 |   219 ||   387
         Reflection        |       |       |     2 ||     2

Table legend: (Time is in decaauts)
 A = Elapsed time spent in this place.
 B = Non-inter-level travel time spent in this place.
 C = Inter-level travel time spent in this place.
 D = Time resting spent in this place.
 E = Time spent auto-exploring this place.
 F = Levels seen in this place.
 G = Mean time per level.
                   A        B        C        D        E       F      G
               +--------+--------+--------+--------+--------+-----+--------+
         Total |   7091 |   7091 |      0 |    771 |      0 |   9 |  787.9 |
       Dungeon |   6588 |   6588 |      0 |    745 |      0 |   8 |  823.5 |
         Sewer |    502 |    502 |      0 |     26 |      0 |   1 |  502.0 |
               +--------+--------+--------+--------+--------+-----+--------+

Top non-repeatable levels by time:
     D:5: 1402 daAuts
     D:6: 1037 daAuts
     D:4: 980 daAuts
     D:3: 880 daAuts
     D:1: 784 daAuts
     D:2: 736 daAuts
     D:7: 733 daAuts
   Sewer: 502 daAuts
     D:8: 32 daAuts
